 Dungeon Crawl Stone Soup version 0.17.0-23-g0de4337 (webtiles) character file.

843 kosy22 the Ducker (level 7, -6/67 HPs)
             Began as a Troll Fighter on Nov 13, 2015.
             Was a Follower of Fedhas.
             Killed by divine providence
             ... invoked by an orc priest
              (15 damage)
             ... on level 5 of the Dungeon.
             The game lasted 00:12:32 (3523 turns).

kosy22 the Ducker (Troll Fighter)                   Turns: 3523, Time: 00:12:32

Health: -6/67      AC:  5    Str: 27    XL:     7   Next: 68%
Magic:  6/6        EV:  9    Int:  4    God:    Fedhas [*.....]
Gold:   178        SH:  9    Dex:  9    Spells: 0 memorised, 6 levels left

rFire  . . .     SeeInvis .       - Unarmed
rCold  . . .     Clarity  .     a - +0 robe
rNeg   . . .     SustAt   .     b - +0 shield
rPois  .         Gourm    +     (helmet restricted)
rElec  .         Spirit   .     (no cloak)
rCorr  .         Warding  .     (gloves unavailable)
rMut   .         Stasis   .     (boots unavailable)
MR     .....                    r - amulet of regeneration
Stlth  +.........               (no ring)
                                (no ring)

@: lethally poisoned (-6 -> -6), not resistant to hostile enchantments, very
unstealthy
A: unfitting armour, claws 3, fast metabolism 3, gourmand, regeneration 2,
shaggy fur 1, tough skin 2
a: Evolution, Renounce Religion


You were on level 5 of the Dungeon.
You worshipped Fedhas.
Fedhas was aware of your devotion.
You were full.

You visited 1 branch of the dungeon, and saw 5 of its levels.

You collected 178 gold pieces.

Inventory:

Hand Weapons
 m - a +0 blowgun
Missiles
 n - 40 poisoned needles
Armour
 a - a +0 robe (worn)
 b - a +0 shield (worn)
Rods
 o - a +0 iron rod (11/11)
   (You found it on level 4 of the Dungeon)
Jewellery
 r - an amulet of regeneration (around neck)
Wands
 g - a wand of heal wounds (2)
Scrolls
 d - a scroll of remove curse {unknown}
 e - a scroll of fear
 f - a scroll of amnesia {unknown}
 h - 3 scrolls of teleportation
 i - 3 scrolls of identify
 j - a scroll of enchant armour {unknown}
Potions
 c - a potion of might
 l - a potion of brilliance
Comestibles
 k - 4 fruits


   Skills:
 + Level 3.4 Fighting
 + Level 0.6 Throwing
 + Level 5.7 Dodging
 + Level 0.3 Stealth
 + Level 4.0 Shields
 + Level 3.6 Unarmed Combat


You had 6 spell levels left.
You didn't know any spells.

Dungeon Overview and Level Annotations

Branches:
Dungeon (5/15)
 Temple: D:4-7

Altars:
Fedhas
Okawaru
Sif Muna
Trog
Xom

Annotations:
D:5 Sigmund


Innate Abilities, Weirdness & Mutations

You are too large for most types of armour.
You have claws for hands.
Your metabolism is lightning-fast.
You like to eat raw meat.
You heal very quickly.
You are covered in fur (AC +1).
You have very tough skin (AC +2).


Message History

The shadow imp barely misses you. The orc priest hits you with a club.
Drink which item? (? for menu, Esc to quit)
It was a potion of cancellation.
Your magical effects are unravelling.
You feel magically purged.
You feel a little less clever now.
You feel sick.
The orc wizard casts a spell.
The orc wizard blinks!
You block the worker ant's attack. The shadow imp gestures at you.
Pain shoots through your body!
* * * LOW HITPOINT WARNING * * *
The orc priest barely misses you.
The orc hits you with an enchanted flail.
* * * LOW HITPOINT WARNING * * *
Sigmund barely misses you.
The orc priest invokes the aid of Beogh against you.
Something smites you!
You die...
Fedhas appreciates your contribution to the ecosystem.

...... ##.
......
#..#.....#
#.#.......
#.........
#
#.c.o....>
.
#ooa......
#
#.@ยง@.....
##(5.......
#.o/.......
....
#.##.......
.... #.#
#.....# ...
#.# ######
#.# ## #f#
####.# #.
#.#
##....###.
#####f#
#.........


You could see Sigmund, a centaur, a worker ant, 2 orc priests, an orc wizard, a
shadow imp and an orc.

Vanquished Creatures
  The ghost of HaroldButt the Covert, an amateur OpAs (D:3)
  Menkaure (D:5)
  2 scorpions (D:4)
  An orc priest (D:4)
  Ijyb (D:2)
  A hound (D:4)
  2 orc wizards (D:4)
  A worker ant (D:4)
  A hound zombie (D:5)
  7 gnolls
  5 adders
  2 oozes (D:3)
  An adder skeleton (D:4)
  A worm (D:2)
  3 giant geckos
  10 orcs
  A ball python (D:3)
  7 giant cockroaches
  12 goblins
  7 hobgoblins
  7 jackals
  17 bats
  5 giant newts
  8 kobolds
  2 quokkas
  9 rats
115 creatures vanquished.

Vanquished Creatures (collateral kills)
  An ice beast (D:5)
  An adder (D:5)
  An ooze (D:5)
  A quokka (D:4)
4 creatures vanquished.

Vanquished Creatures (others)
  33 toadstools
33 creatures vanquished.

Grand Total: 152 creatures vanquished

Notes
Turn   | Place    | Note
--------------------------------------------------------------
     0 | D:1      | kosy22 the Troll Fighter began the quest for the Orb.
     0 | D:1      | Reached XP level 1. HP: 22/22 MP: 0/0
   137 | D:1      | Reached XP level 2. HP: 27/29 MP: 1/1
   470 | D:1      | Reached XP level 3. HP: 34/36 MP: 2/2
   526 | D:1      | Reached skill level 3 in Dodging
   713 | D:2      | Noticed Ijyb
   739 | D:2      | Killed Ijyb
   775 | D:2      | Reached XP level 4. HP: 44/44 MP: 3/3
  1039 | D:2      | Found an iron altar of Okawaru.
  1138 | D:2      | Found a blossoming altar of Fedhas.
  1154 | D:2      | Became a worshipper of Fedhas Madash
  1160 | D:2      | Noticed an oklob plant
  1751 | D:3      | Reached XP level 5. HP: 45/50 MP: 4/4
  2137 | D:3      | Reached skill level 4 in Dodging
  2245 | D:3      | Noticed HaroldButt's ghost (amateur OpAs)
  2264 | D:3      | Killed HaroldButt's ghost
  2264 | D:3      | Reached XP level 6. HP: 59/61 MP: 5/5
  2860 | D:4      | Reached skill level 5 in Dodging
  2870 | D:4      | Reached XP level 7. HP: 41/67 MP: 6/6
  2901 | D:4      | Reached * piety under Fedhas
  3110 | D:4      | Found a deep blue altar of Sif Muna.
  3342 | D:4      | Found a bloodstained altar of Trog.
  3355 | D:5      | Entered Level 5 of the Dungeon
  3355 | D:5      | Found a shimmering altar of Xom.
  3355 | D:5      | Noticed Menkaure
  3358 | D:5      | Noticed Sigmund
  3364 | D:5      | Killed Menkaure
  3523 | D:5      | Killed from afar by an orc priest

Action                   |  1- 3 |  4- 6 |  7- 9 || total
-------------------------+-------+-------+-------++-------
Melee: Unarmed           |   116 |   213 |    71 ||   400
 Fire: Blowgun           |       |    16 |       ||    16
Invok: Evolution         |       |       |     2 ||     2
Evoke: Rod               |       |     1 |       ||     1
  Use: Potion            |       |       |     4 ||     4
       Scroll            |       |       |     3 ||     3
  Eat: Chunk             |     1 |    15 |     4 ||    20
       Bread ration      |     1 |     2 |       ||     3
       Fruit             |       |     2 |       ||     2
